 Dungeon Sprint DCSS version 0.17-a0-1197-g2d00c63 (webtiles) character file.

11392 Kidiri the Unseen (level 11, -1/64 HPs)
             Began as a Spriggan Assassin on June 2, 2015.
             Was the Champion of Dithmenos.
             Slain by a hell knight
             ... wielding a +5 demon trident of draining
              (23 damage)
             ... in the Dungeon (Sprint VII: "The Pits").
             The game lasted 00:33:00 (3399 turns).

Kidiri the Unseen (Spriggan Assassin)               Turns: 3399, Time: 00:33:00

Health: -1/64      AC:  1    Str:  7    XL:     11   Next: 48%
Magic:  18/18      EV: 45    Int: 14    God:    Dithmenos [******]
Gold:   40         SH:  0    Dex: 25    Spells: 0 memorised, 10 levels left

rFire  + . .     SeeInvis +     y - +2 rapier (venom)
rCold  + . .     Clarity  .     e - troll hide
rNeg   + . .     SustAt   .     (shield restricted)
rPois  +         Gourm    .     a - -2 hat of the Alchemist {rElec rPois rF+ rC+ rN+ MR+ rMut rCorr}
rElec  +         Spirit   .     d - +0 cloak
rCorr  +         Warding  .     (gloves unavailable)
rMut   +         NoTele   +     (boots unavailable)
MR     ++...                    (no amulet)
Stlth  ++++++++++               v - +3 ring of evasion
                                u - +3 ring of evasion

@: agile, very slightly contaminated, wreathed by umbra, drained, very quick,
very resistant to hostile enchantments, uncannily stealthy
A: unfitting armour, see invisible, herbivore 3, speed 3, slow metabolism 2
a: Shadow Step, Shadow Form, Renounce Religion


You were in the Dungeon.
You worshipped Dithmenos.
Dithmenos was exalted by your worship.
You were not hungry.

You visited 1 branch You collected 40 gold pieces.

Inventory:

Hand weapons
 b - a +2 blowgun
 s - a +2 dagger of venom
 y - a +2 rapier of venom (weapon)
Missiles
 f - 2 tomahawks (quivered)
 m - 3 poisoned needles
 t - a curare-tipped needle
Armour
 a - the -2 hat of the Alchemist (worn) {rElec rPois rF+ rC+ rN+ MR+ rMut rCorr}
   (You found it in the Dungeon)

   It protects you from fire.
   It protects you from cold.
   It insulates you from electricity.
   It protects you from poison.
   It protects you from negative energy.
   It affects your resistance to hostile enchantments.
   It protects you from acid and corrosion.
   It protects you from mutation.
 d - a +0 cloak (worn)
 e - a troll hide (worn)
Jewellery
 u - a +3 ring of evasion (left hand)
 v - a +3 ring of evasion (right hand)
 B - an uncursed ring of ice
Scrolls
 p - 7 scrolls of remove curse
 q - 5 scrolls of amnesia
 r - a scroll of summoning
 E - a scroll of identify
 F - a scroll of recharging
 G - 2 scrolls of fog
Potions
 h - 9 potions of curing
 i - a potion of heal wounds
 j - a potion of haste
 k - 4 potions of magic
 l - 4 potions of berserk rage
 o - 2 potions of invisibility
 w - 2 potions of might
 x - a potion of brilliance
 A - a potion of resistance
 D - a potion of flight
Comestibles
 g - 7 bread rations
 n - 40 fruits
 C - a slice of pizza


   Skills:
 * Level 10.5(9.7) Fighting
 * Level 13.0(12.2) Short Blades
 * Level 13.2(12.4) Throwing
 + Level 4.6(4.0) Armour
 * Level 16.4(15.5) Dodging
 * Level 18.1(17.2) Stealth
 + Level 8.6(7.9) Invocations


You had 10 spell levels left.
You didn't know any spells.

Dungeon Overview and Level Annotations

Branches:
Dungeon (1/1)

Altars:
Ashenzari
Cheibriados
Dithmenos
Elyvilon
Fedhas
Gozag
Kikubaaqudgha
Makhleb
Nemelex Xobeh
Okawaru
Qazlal
Ru
Sif Muna
Trog
Vehumet
Xom
Yredelemnul
Zin
The Shining One
Beogh
Jiyva
Lugonu


Innate Abilities, Weirdness & Mutations

You are tiny and cannot use many weapons and most armour.
You have supernaturally acute eyesight.
You are a herbivore.
You cover ground extremely quickly.
You need consume almost no food.


Message History

You hit the hell knight.
The hell knight looks even sicker.
The hell knight is lightly wounded.
Your shadow barely misses the hell knight.
The hell knight completely misses you.
You closely miss the hell knight.
The hell knight is lightly wounded.
The hell knight barely misses you. The hell knight casts a spell at you.
The puff of flame misses you.
You hit the hell knight but do no damage.
The hell knight is lightly wounded.
Your shadow hits the hell knight but does no damage.
The hell knight closely misses you.
You hit the hell knight.
The hell knight is lightly wounded.
The hell knight hits you with an enchanted scimitar.
You barely miss the hell knight.
The hell knight is moderately wounded.
The hell knight hits you from afar with a demon trident of draining!!
You die...

#..#######
#############.........
#__________##.........
#__________###########
#.#####+##############
#_#)))+.+§§##.§.§§§§§.
#_#)))#.#§§##....§§#§§
#######p#####....§§§c§
#...)@pp)))†(...§§§§..
#+#####c#####(.....#..
#.#...#.#[[##.........
#.#...#.#.)#####'#####
#.#...+.#))##.......##
#.##+####))##.......##
#.#.....#..##.......##
#.#.....#+###...<...##
#.#........##.......##


You could see 3 hell knights and a centaur warrior.

Vanquished Creatures
  A ghost moth (D)
  A death yak (D)
  An orc high priest (D)
  2 hell knights (D)
  A wizard (D)
  A necromancer (D)
  A wolf spider (D)
  A hornet (D)
  A rust devil (D)
  A fire drake (D)
  A spiny frog (D)
  A two-headed ogre (D)
  2 trolls (D)
  2 boulder beetles (D)
  A spriggan (D)
  5 redbacks (D)
  An air elemental (D)
  A deep elf fighter (D)
  A shadow (D)
  2 ynoxinuls (D)
  4 yaks (D)
  2 chaos spawn (D)
  A wraith (D)
  A tarantella (D)
  A steam dragon (D)
  2 wargs (D)
  An orc warrior (D)
  A wasp (D)
  2 necrophages (D)
  3 hell hounds (D)
  2 crocodiles (D)
  A centaur (D)
  A big kobold (D)
  A giant frog (D)
  2 brain worms (D)
  A gnoll sergeant (D)
  4 wights (D)
  A crimson imp (D)
  A jelly (D)
  5 orc wizards (D)
  2 quasits (D)
  A worker ant (D)
  4 gnolls (D)
  2 adders (D)
  A white imp (D)
  A giant eyeball (D)
  2 oozes (D)
  2 ufetubi (D)
  2 worms (D)
  5 orcs (D)
  A goblin (D)
  A hobgoblin (D)
  2 quokkas (D)
  2 bats (D)
  A rat (D)
94 creatures vanquished.

Vanquished Creatures (others)
  A water moccasin (D)
  A hell hound (D)
  A quokka (D)
3 creatures vanquished.

Grand Total: 97 creatures vanquished

Notes
Turn   | Place    | Note
--------------------------------------------------------------
     0 | D        | Kidiri the Spriggan Assassin began the quest for the Orb.
     0 | D        | Reached XP level 1. HP: 10/10 MP: 2/2
    15 | D        | Reached skill level 6 in Stealth
    24 | D        | Found a sacrificial altar of Ru.
    24 | D        | Found a basalt altar of Yredelemnul.
    24 | D        | Found a shadowy altar of Dithmenos.
    24 | D        | Found a deep blue altar of Sif Muna.
    24 | D        | Found a burning altar of Makhleb.
    24 | D        | Found a shimmering altar of Xom.
    24 | D        | Found an ancient bone altar of Kikubaaqudgha.
    24 | D        | Found a sparkling altar of Nemelex Xobeh.
    25 | D        | Found a glowing golden altar of the Shining One.
    25 | D        | Found a bloodstained altar of Trog.
    25 | D        | Found a shattered altar of Ashenzari.
    25 | D        | Found a white marble altar of Elyvilon.
    25 | D        | Found a snail-covered altar of Cheibriados.
    25 | D        | Found a blossoming altar of Fedhas.
    25 | D        | Found a radiant altar of Vehumet.
    25 | D        | Found a glowing silver altar of Zin.
    25 | D        | Found a corrupted altar of Lugonu.
    25 | D        | Found a viscous altar of Jiyva.
    25 | D        | Found a roughly hewn altar of Beogh.
    25 | D        | Found an iron altar of Okawaru.
    28 | D        | Became a worshipper of Dithmenos the Shadowed
    32 | D        | Found a stormy altar of Qazlal.
    32 | D        | Found an opulent altar of Gozag.
    72 | D        | Reached skill level 1 in Short Blades
    78 | D        | Reached XP level 2. HP: 13/15 MP: 3/3
   116 | D        | Noticed a worker ant
   118 | D        | Killed a worker ant
   118 | D        | Reached skill level 7 in Stealth
   118 | D        | Reached XP level 3. HP: 17/19 MP: 4/4
   154 | D        | Noticed a brain worm
   155 | D        | Noticed a brain worm
   155 | D        | Noticed a giant frog
   179 | D        | Killed a brain worm
   179 | D        | Reached skill level 5 in Dodging
   179 | D        | Reached skill level 8 in Stealth
   179 | D        | Reached skill level 1 in Invocations
   179 | D        | Reached XP level 4. HP: 22/24 MP: 4/6
   189 | D        | Killed a brain worm
   189 | D        | Acquired Dithmenos's first power
   189 | D        | Reached skill level 5 in Short Blades
   189 | D        | Reached skill level 5 in Throwing
   189 | D        | Reached skill level 9 in Stealth
   189 | D        | Reached XP level 5. HP: 25/29 MP: 4/7
   194 | D        | Killed a giant frog
   277 | D        | Noticed a warg
   277 | D        | Noticed a big kobold
   277 | D        | Noticed a necrophage
   281 | D        | Noticed a quasit
   284 | D        | Killed a big kobold
   284 | D        | Reached skill level 10 in Stealth
   284 | D        | Reached XP level 6. HP: 35/35 MP: 9/9
   370 | D        | Killed a warg
   370 | D        | Acquired Dithmenos's second power
   370 | D        | Reached skill level 5 in Fighting
   370 | D        | Reached skill level 11 in Stealth
   397 | D        | Killed a quasit
   533 | D        | Killed a necrophage
   533 | D        | Reached XP level 7. HP: 32/37 MP: 9/11
   744 | D        | Noticed an orc wizard
   746 | D        | Killed an orc wizard
   746 | D        | Acquired Dithmenos's third power
   748 | D        | Noticed a deep elf fighter
   750 | D        | Killed a deep elf fighter
   750 | D        | Reached skill level 10 in Dodging
   750 | D        | Reached skill level 12 in Stealth
   752 | D        | Noticed a necrophage
   756 | D        | Killed a necrophage
   759 | D        | Acquired Dithmenos's fourth power
   765 | D        | Noticed an orc wizard
   765 | D        | Noticed an orc wizard
   765 | D        | Noticed a troll
   797 | D        | Killed a troll
   797 | D        | Reached XP level 8. HP: 16/45 MP: 12/12
   813 | D        | Killed an orc wizard
   821 | D        | Killed an orc wizard
  1028 | D        | Noticed a wight
  1028 | D        | Noticed a wight
  1028 | D        | Noticed a wight
  1028 | D        | Noticed a wight
  1028 | D        | Noticed a wasp
  1030 | D        | Killed a wight
  1030 | D        | Reached skill level 5 in Invocations
  1032 | D        | Killed a wight
  1045 | D        | Killed a wasp
  1045 | D        | Reached skill level 13 in Stealth
  1063 | D        | Killed a wight
  1079 | D        | Killed a wight
  1254 | D        | Noticed a jelly
  1254 | D        | Noticed a quasit
  1255 | D        | Noticed a fire drake
  1255 | D        | Noticed a troll
  1255 | D        | Noticed a spiny frog
  1256 | D        | Killed a jelly
  1257 | D        | Killed a quasit
  1308 | D        | Killed a spiny frog
  1321 | D        | Killed a fire drake
  1355 | D        | Killed a troll
  1355 | D        | Reached skill level 14 in Stealth
  1355 | D        | Reached XP level 9. HP: 42/50 MP: 14/14
  1461 | D        | Noticed a hell hound
  1461 | D        | Noticed a ynoxinul
  1461 | D        | Noticed a gnoll sergeant
  1469 | D        | Noticed a centaur
  1469 | D        | Noticed a yak
  1471 | D        | Noticed a hell hound
  1471 | D        | Noticed a hell hound
  1477 | D        | Killed a centaur
  1477 | D        | Reached skill level 10 in Throwing
  1485 | D        | Noticed a yak
  1485 | D        | Noticed a yak
  1485 | D        | Noticed a chaos spawn
  1493 | D        | Killed a hell hound
  1494 | D        | Noticed a spriggan
  1496 | D        | Noticed a redback
  1497 | D        | Noticed a hell hound
  1498 | D        | Noticed a ynoxinul
  1499 | D        | Noticed a shadow
  1500 | D        | Noticed a chaos spawn
  1501 | D        | Noticed a tarantella
  1517 | D        | Killed a ynoxinul
  1620 | D        | Noticed a redback
  1624 | D        | Noticed a crimson imp
  1625 | D        | Noticed a redback
  1627 | D        | Noticed a redback
  1630 | D        | Noticed a redback
  1632 | D        | Killed a redback
  1632 | D        | Reached skill level 10 in Short Blades
  1632 | D        | Reached skill level 1 in Armour
  1637 | D        | Killed a tarantella
  1638 | D        | Killed a redback
  1644 | D        | Killed a redback
  1645 | D        | Killed a crimson imp
  1649 | D        | Killed a redback
  1687 | D        | Killed a redback
  1687 | D        | Reached skill level 15 in Stealth
  1787 | D        | Noticed a crocodile
  1787 | D        | Noticed a boulder beetle
  1789 | D        | Noticed a water moccasin
  1815 | D        | Killed a shadow
  1817 | D        | Noticed a boulder beetle
  1835 | D        | Killed a chaos spawn
  1842 | D        | Killed a hell hound
  1845 | D        | Killed a hell hound
  1847 | D        | Killed a water moccasin
  1850 | D        | Killed a crocodile
  1875 | D        | Killed a boulder beetle
  1925 | D        | Killed a gnoll sergeant
  1944 | D        | Killed a boulder beetle
  1944 | D        | Reached XP level 10. HP: 40/57 MP: 16/16
  1954 | D        | Killed a hell hound
  2111 | D        | Killed a ynoxinul
  2172 | D        | Noticed an orc warrior
  2172 | D        | Noticed an orc wizard
  2174 | D        | Noticed an orc high priest
  2176 | D        | Noticed an orc wizard
  2181 | D        | Noticed a death yak
  2181 | D        | Noticed a warg
  2183 | D        | Noticed a yak
  2190 | D        | Killed a yak
  2192 | D        | Noticed an ice devil
  2456 | D        | Killed a death yak
  2456 | D        | Reached skill level 16 in Stealth
  2558 | D        | Noticed a soul eater
  2596 | D        | Killed a warg
  2609 | D        | Killed an orc wizard
  2621 | D        | Killed an orc warrior
  2625 | D        | Killed an orc high priest
  2631 | D        | Killed an orc wizard
  2717 | D        | Killed a yak
  2735 | D        | Killed a yak
  2736 | D        | Killed a yak
  2770 | D        | Paralysed by a giant eyeball for 4 turns
  2790 | D        | Killed a spriggan
  2812 | D        | Paralysed by a giant eyeball for 4 turns
  2860 | D        | Noticed a wraith
  2860 | D        | Noticed an air elemental
  2869 | D        | Killed an air elemental
  2870 | D        | Killed a wraith
  2870 | D        | Reached skill level 15 in Dodging
  2881 | D        | Killed a chaos spawn
  3166 | D        | Noticed a hornet
  3166 | D        | Noticed a wolf spider
  3166 | D        | Noticed a necromancer
  3166 | D        | Noticed a sixfirhy
  3168 | D        | Noticed a two-headed ogre
  3168 | D        | Noticed a hell knight
  3168 | D        | Noticed a rust devil
  3168 | D        | Noticed a ghost moth
  3169 | D        | Killed a necromancer
  3170 | D        | Killed a ghost moth
  3170 | D        | Reached skill level 10 in Fighting
  3170 | D        | Reached skill level 17 in Stealth
  3170 | D        | Reached XP level 11. HP: 61/63 MP: 16/18
  3174 | D        | Noticed a crocodile
  3174 | D        | Noticed a wizard
  3185 | D        | Noticed a hell knight
  3185 | D        | Killed a wolf spider
  3202 | D        | Killed a wizard
  3203 | D        | Noticed a steam dragon
  3217 | D        | Killed a hornet
  3228 | D        | Killed a crocodile
  3246 | D        | Killed a hell knight
  3265 | D        | Killed a rust devil
  3272 | D        | Killed a steam dragon
  3280 | D        | Killed a two-headed ogre
  3280 | D        | Reached skill level 18 in Stealth
  3311 | D        | Noticed a hell knight
  3321 | D        | Noticed a hell knight
  3322 | D        | Noticed a hell knight
  3339 | D        | Killed a hell knight
  3360 | D        | Noticed a centaur warrior
  3368 | D        | Noticed an ice devil
  3371 | D        | Noticed a blue devil
  3399 | D        | Slain by a hell knight

Vault maps used:
D:        pitsprint

Action                   |  1- 3 |  4- 6 |  7- 9 | 10-12 || total
-------------------------+-------+-------+-------+-------++-------
Melee: Dagger            |    16 |    68 |    46 |    10 ||   140
       Rapier            |       |       |   165 |   220 ||   385
 Fire: Blowgun           |     1 |    10 |    17 |    10 ||    38
Throw: Tomahawk          |       |       |     2 |     5 ||     7
Invok: Shadow Step       |       |       |     2 |       ||     2
       Shadow Form       |       |       |       |     1 ||     1
  Use: Potion            |       |     2 |     7 |    10 ||    19
       Scroll            |       |       |     1 |     3 ||     4
 Stab: Sleeping          |     4 |     4 |    11 |     4 ||    23
       Distracted        |       |       |     2 |     2 ||     4
       Petrifying        |       |       |     1 |       ||     1
  Eat: Bread ration      |       |       |       |     1 ||     1
